 Dungeon Crawl Stone Soup version 0.32-a0-791-gfc315c9ecd (webtiles) character file.

Game seed: 14347587035658045551

7766 garrulousMonolith the Cleaver (level 11, -7/92 (95) HPs)
             Began as a Mountain Dwarf Fighter on Mar 20, 2024.
             Was a Believer of Beogh.
             Mangled by a two-headed ogre
             ... wielding a +0 giant club
              (9 damage)
             ... on level 10 of the Dungeon.
             The game lasted 00:13:17 (11002 turns).

garrulousMonolith the Cleaver (MDFi)               Turns: 11002, Time: 00:13:18

HP:   -7/92 (95)    AC: 30    Str: 20    XL:     11   Next: 1%
MP:   14/17         EV:  5    Int: 10    God:    Beogh [**....]
Gold: 262           SH:  5    Dex: 11    Spells: 6/10 levels left

rFire   + . .        o - +3 flail (protect)
rCold   . . .        c - +0 buckler
rNeg    . . .        I - +0 plate armour
rPois   .            k - +0 helmet
rElec   .            s - +0 cloak {Stlth+}
rCorr   .            r - +2 pair of gloves
SInv    .            y - +2 pair of boots
Will    +....        w - amulet of magic regeneration Stlth
                     C - ring of protection from fire
HPRegen 0.35/turn    F - +4 ring of slaying
MPRegen 0.55/turn

%: no passive effects
@: brilliant, under a protective aura, lightly drained
A: runic magic, artefact enchanting
a: Renounce Religion, Smiting


You were on level 10 of the Dungeon.
You worshipped Beogh.
Beogh was pleased with you.
You visited 1 branch of the dungeon, and saw 10 of its levels.

You collected 549 gold pieces.
You spent 287 gold pieces at shops.

Inventory:

Hand Weapons
 a - a +1 war axe
 e - a +0 whip of electrocution
 o - a +3 flail of protection (weapon)
Missiles
 j - 32 poisoned darts (quivered)
 p - 2 javelins
 v - 2 curare-tipped darts
Armour
 c - a +0 buckler (worn)
 d - +0 acid dragon scales
 h - a +0 chain mail
 k - a +0 helmet (worn)
 r - a +2 pair of gloves (worn)
 s - a +0 cloak of stealth (worn)
 y - a +2 pair of boots (worn)
 I - a +0 plate armour (worn)
Jewellery
 w - an amulet of magic regeneration (around neck)
 C - a ring of protection from fire (left hand)
 F - a +4 ring of slaying (right hand)
Wands
 n - a wand of flame (28)
 D - a wand of quicksilver (2)
 E - a wand of polymorph (10)
 G - a wand of charming (15)
Scrolls
 b - a scroll of revelation
 i - 3 scrolls of enchant weapon
 q - 2 scrolls of teleportation
 t - 2 scrolls of immolation
 u - 2 scrolls of fog
 x - a scroll of fear
 z - a scroll of blinking
 H - a scroll of identify
 J - 2 scrolls of brand weapon {unknown}
Potions
 f - a potion of resistance {unknown}
 g - 4 potions of enlightenment
 l - 3 potions of haste
 m - a potion of invisibility {unknown}
 A - a potion of lignification


   Skills:
 + Level 8.3 Fighting
 * Level 12.1 Axes
 + Level 8.4 Armour
 + Level 8.2 Shields
 + Level 8.8 Invocations


You had 6 spell levels left.
You knew the following spells:

 Your Spells              Type           Power      Damage    Failure   Level
a - Passwall              Erth           0%         N/A       95%         3
b - Apportation           Tloc           0%         N/A       67%         1

Your spell library contained the following spells:

 Spells                   Type           Power      Damage    Failure   Level
 Necrotise                Necr           0%         1d4       67%         1
 Sting                    Conj/Alch      0%         1d3       67%         1
 Summon Small Mammal      Summ           0%         N/A       67%         1
 Ensorcelled Hibernation  Hex/Ice        0%         N/A       80%         2
 Static Discharge         Conj/Air       0%         3-3/arc   80%         2
 Stone Arrow              Conj/Erth      0%         3d7       95%         3
 Swiftness                Air            0%         N/A       95%         3
 Vampiric Draining        Necr           0%         2d6       95%         3
 Airstrike                Air            0%         2d(0-16)  100%        4
 Animate Armour           Summ/Erth      0%         N/A       100%        4
 Martyr's Knell           Necr/Summ      0%         N/A       100%        4
 Summon Lightning Spire   Summ/Air       0%         N/A       100%        4
 Curse of Agony           Necr           0%         N/A       100%        5
 Lehudib's Crystal Spear  Conj/Erth      0%         10d2      100%        8


Dungeon Overview and Level Annotations

Branches:
Dungeon (10/15)            Temple (0/1) D:7            Lair (0/5) D:10
    Orc: D:9-12

Altars:
Ashenzari
Cheibriados
Fedhas
Sif Muna

Shops:
D:3 (=[*=   D:9 *


Innate Abilities, Weirdness & Mutations

Your facial features are unmistakably orcish.
Your spellcasting is much less encumbered by armour.
You can use scrolls of enchantment on lesser artefacts.


Message History

The two-headed ogre is almost dead.
The two-headed ogre hits you but does no damage.
The two-headed ogre barely misses you.
You hit the two-headed ogre.
The two-headed ogre is almost dead.
The two-headed ogre hits you with a +0 giant club!
The two-headed ogre hits you with a +0 giant spiked club.
You block the two-headed ogre's attack.
The two-headed ogre hits you with a +0 giant club!
A kobold brigand comes into view.
It is wielding a +0 dagger and quivering curare-tipped darts.
You hit the two-headed ogre.
You kill the two-headed ogre!
Beogh accepts your kill.
The laughing skull headbutts you but does no damage.
The two-headed ogre barely misses you.
The two-headed ogre hits you but does no damage.
You have reached level 11!
Press: ? - help, v - describe, . - travel A rock wall.
You hit the two-headed ogre but do no damage.
You block the laughing skull's attack.
You sock the two-headed ogre!
The two-headed ogre is lightly wounded.
You block the laughing skull's attack.
The two-headed ogre hits you but does no damage. x2
The laughing skull cackles spitefully.
The bolt of negative energy hits you!
You feel drained.
* * * LOW HITPOINT WARNING * * *
The vampire mumbles some strange words.
The vampire flickers and vanishes!
Aiming: Smiting
Press: ? - help, Dir - move target, f - two-headed ogre Smite: a two-headed ogre, wielding a +0 giant club and a +0 giant spiked club (lightly wounded)
You smite the two-headed ogre!!
The two-headed ogre is heavily wounded.
The laughing skull headbutts you but does no damage.
The two-headed ogre hits you with a +0 giant club!!
* * * LOW HITPOINT WARNING * * *
The two-headed ogre hits you with a +0 giant spiked club!
You die... #. #.......#........# # K ##......#........# ..#K ......#...###### VKy.

..... #...# #### O.##...
#...# ##...####.#.. #...#
........##K.#####...#
...........yKy{O...)###
..###++#####{Kcz@...))#
........<..#..#######)#
.[.........##.# #.#
.††.........#.# #.#
....†.........# #.#
..............# #.#####
..~.~.~~......##### #.....#
.~~.~.~≈~~........###.....#
~~~.~.~≈≈≈~~..............#


You could see a two-headed ogre, 2 kobold brigands, a laughing skull, a centaur,
2 killer bees and a kobold.

Vanquished Creatures
  A two-headed ogre (D:10)
  A manticore (D:9)
  A troll (D:10)
  Prince Ribbit (D:9)
  A shadow (D:10)
  Sigmund (D:6)
  14 yaks (D:10)
  2 steam dragons (D:8)
  2 acid dragons
  A water moccasin (D:7)
  An orc warrior (D:9)
  An ice beast (D:7)
  2 black bears
  2 wolves (D:10)
  2 centaurs (D:9)
  5 bullfrogs
  3 gnoll sergeants
  A scorpion (D:6)
  6 killer bees (D:7)
  3 electric eels (D:10)
  7 howler monkeys
  3 jellies
  A bombardier beetle (D:5)
  4 gnoll boudas
  8 hounds
  2 orc priests (D:7)
  Natasha (thrice) (D:4)
  2 iguanas
  9 orc wizards
  28 gnolls
  7 adders
  A shadow imp (D:6)
  A white imp (D:6)
  3 dart slugs
  7 ribbon worms
  16 orcs
  6 ball pythons
  2 bats
  6 endoplasms
  5 giant cockroaches
  7 goblins
  5 hobgoblins
  7 jackals
  A quokka (D:3)
  A frilled lizard (D:1)
  7 kobolds
  3 rats
203 creatures vanquished.

Vanquished Creatures (collateral kills)
  A kobold brigand (D:7)
  2 kobolds (D:7)
3 creatures vanquished.

Vanquished Creatures (others)
  Nergalle (D:10)
  A scorpion (D:5)
  2 orcs
4 creatures vanquished.

Grand Total: 210 creatures vanquished

Notes
Turn   | Place    | Note
-------+----------+-------------------------------------------
     0 | D:1      | garrulousMonolith the Mountain Dwarf Fighter began the
                  | quest for the Orb.
     0 | D:1      | Reached XP level 1. HP: 19/19 MP: 1/1
   247 | D:1      | Found a faded altar of an unknown god.
   278 | D:1      | Reached XP level 2. HP: 26/26 MP: 2/2
   419 | D:1      | Reached skill level 3 in Axes
   608 | D:1      | Reached skill level 1 in Invocations
   879 | D:2      | Reached XP level 3. HP: 31/31 MP: 3/3
  1892 | D:3      | Found a snail-covered altar of Cheibriados.
  2003 | D:3      | Found Becsido's Jewellery Boutique.
  2029 | D:3      | Found Quzien's Antique Armour Boutique.
  2058 | D:3      | Found Zokki's Weapon Emporium.
  2062 | D:3      | You fall into a shaft and drop 1 floor!
  2070 | D:4      | Noticed Natasha
  2085 | D:4      | Killed Natasha
  2086 | D:4      | Reached XP level 4. HP: 40/40 MP: 5/5
  2095 | D:4      | Reached skill level 4 in Axes
  2196 | D:4      | Reached XP level 5. HP: 23/46 MP: 6/6
  2208 | D:4      | Noticed Natasha
  2216 | D:4      | Killed Natasha
  2721 | D:3      | Found Himolodots's Assorted Antiques.
  2770 | D:3      | Bought a glowing cloak for 157 gold pieces
  2834 | D:3      | Found Ynkupuff's Jewellery Boutique.
  3012 | D:4      | Noticed Natasha
  3021 | D:4      | Killed Natasha
  3155 | D:4      | Reached skill level 5 in Axes
  3155 | D:4      | Reached XP level 6. HP: 51/52 MP: 8/8
  3482 | D:5      | Entered Level 5 of the Dungeon
  3707 | D:5      | Reached XP level 7. HP: 60/60 MP: 9/9
  3808 | D:5      | Found a broken altar of Ashenzari.
  3816 | D:5      | Became a worshipper of Beogh the Shepherd
  4081 | D:5      | Reached skill level 6 in Axes
  4430 | D:5      | Learned a level 3 spell: Passwall
  4432 | D:5      | Learned a level 1 spell: Apportation
  4573 | D:6      | Noticed Sigmund
  4574 | D:6      | Reached skill level 5 in Armour
  4579 | D:6      | Killed Sigmund
  4580 | D:6      | Reached skill level 5 in Fighting
  4580 | D:6      | Reached skill level 5 in Shields
  4656 | D:6      | Reached skill level 7 in Axes
  4656 | D:6      | Reached XP level 8. HP: 63/68 MP: 11/11
  5538 | D:7      | Reached skill level 5 in Invocations
  5591 | D:7      | Found a staircase to the Ecumenical Temple.
  5644 | D:7      | Found a blossoming altar of Fedhas.
  5717 | D:7      | Reached skill level 8 in Axes
  5832 | D:7      | Reached * piety under Beogh
  6292 | D:7      | Reached XP level 9. HP: 73/75 MP: 13/13
  7013 | D:8      | Reached skill level 9 in Axes
  7872 | D:8      | Reached ** piety under Beogh
  8038 | D:9      | Found Zuthribluf's Assorted Antiques.
  8046 | D:9      | Bought a diamond ring for 130 gold pieces
  8219 | D:9      | Noticed a manticore
  8227 | D:9      | Killed a manticore
  8228 | D:9      | Reached skill level 10 in Axes
  8599 | D:9      | Found a shimmering blue altar of Sif Muna.
  8647 | D:9      | Noticed Prince Ribbit
  8677 | D:9      | Killed Prince Ribbit
  8906 | D:9      | Reached XP level 10. HP: 82/86 MP: 15/15
  9263 | D:10     | Entered Level 10 of the Dungeon
  9440 | D:10     | Found a staircase to the Lair.
 10122 | D:10     | Reached skill level 11 in Axes
 10974 | D:10     | Noticed a two-headed ogre
 10976 | D:10     | Noticed Nergalle
 10976 | D:10     | Noticed a two-headed ogre
 10995 | D:10     | Your ally Nergalle died
 10996 | D:10     | Reached skill level 12 in Axes
 10999 | D:10     | Killed a two-headed ogre
 11000 | D:10     | Reached XP level 11. HP: 34/95 MP: 17/17
 11002 | D:10     | HP: 2/92 [two-headed ogre/+0 giant club (18)]
 11002 | D:10     | Mangled by a two-headed ogre

Illustrated notes

Levels and vault maps discovered:
D:1:      dpeg_arrival_stone_temple_mockup, layout_basic,
          shapermc_ecumenical_altar_ellora
D:2:      layout_basic
D:3:      layout_loops_ring, slow_altar_1, serial_shops,
          nicolae_shop_pleasant_corner_grove, shop, shop,
          nicolae_shop_just_a_little_nook, nicolae_shop_hallway_plus,
          minmay_misc_feat_tiny
D:4:      layout_loops_ring, uniq_natasha
D:5:      layout_loops_corners, lemuel_tele_altar, glass_columns_b
D:6:      layout_loops_ring, uniq_sigmund
D:7:      layout_gridville, mainiacjoe_overflow_tiny_flanked,
          minmay_temple_entry_tees
D:8:      layout_loops_ring, dk_noncrumbling_4
D:9:      layout_loops_corners, lemuel_doored_altar, serial_shops,
          nicolae_shop_tiny_statue_garden, uniq_prince_ribbit1
D:10:     layout_irregular_city, erik_lair_island,
          eino_small_chamber_without_monster, minmay_pinched_square,
          uniq_nergalle

Skill      XL: |  1  2  3  4  5  6  7  8  9 10 |
---------------+-------------------------------+-----
Axes           | 3 4 5 7 8 10 12 | 12.1
Invocations    | 1 2 3 4 5 7 8 |  8.8
Armour         | 4 5 6 7 8 |  8.4
Shields        | 4 5 6 7 8 |  8.2
Fighting       | 4 5 6 7 8 |  8.3

Action                     |  1- 3 |  4- 6 |  7- 9 | 10-12 || total
---------------------------+-------+-------+-------+-------++-------
  Melee: War axe           |   119 |   154 |   281 |       ||   554
         Whip              |       |       |   145 |    81 ||   226
         Flail             |       |       |       |   114 ||   114
  Throw: Dart              |       |     3 |     3 |     5 ||    11
 Invoke: Convert to Beogh  |       |       |     1 |       ||     1
         Smiting           |       |       |       |     1 ||     1
  Evoke: Wand              |       |       |     4 |    17 ||    21
    Use: Scroll            |     6 |     4 |    10 |     1 ||    21
         Potion            |     2 |       |     4 |     1 ||     7
 Armour: Scale mail        |    11 |       |       |       ||    11
         Chain mail        |   119 |   127 |   445 |       ||   691
         Skin              |       |       |    73 |       ||    73
         Plate armour      |       |       |    11 |   185 ||   196
  Dodge: Dodged            |    40 |    63 |   177 |    51 ||   331
  Block: Buckler           |    24 |    36 |   135 |    51 ||   246

Table legend: (Time is in decaauts)
 A = Elapsed time spent in this place.
 B = Non-inter-level travel time spent in this place.
 C = Inter-level travel time spent in this place.
 D = Time resting spent in this place.
 E = Time spent auto-exploring this place.
 F = Levels seen in this place.
 G = Mean time per level.
                   A        B        C        D        E       F      G
               +--------+--------+--------+--------+--------+-----+--------+
         Total |  11102 |  10800 |    302 |   2265 |   6381 |  10 | 1110.2 |
       Dungeon |  11102 |  10800 |    302 |   2265 |   6381 |  10 | 1110.2 |
               +--------+--------+--------+--------+--------+-----+--------+

Top non-repeatable levels by time:
    D:10: 1732 daAuts
     D:7: 1249 daAuts
     D:8: 1245 daAuts
     D:9: 1237 daAuts
     D:5: 1054 daAuts
     D:6: 1014 daAuts
     D:1: 973 daAuts
     D:2: 898 daAuts
     D:4: 876 daAuts
     D:3: 821 daAuts
